Map: 2000 Atmospheres LE

Players

MCanning - Winner!

  • Race: Protoss Protoss

Semper

  • Race: Terran Terran

Event: DreamHack SC2 Masters 2021 Fall

VOD

Have the link to the VOD?

Description

Time

  • Played on: Aug. 6, 2021, 4:36 p.m.
  • Length: 13:17

All games in this series

Show
View Real Time Build Order
Export as new Build Order

MCanning Protoss - Winner!

Build Orders: 1 Gate Expand, Blink Stalkers 

Get SALT Encoding   

  12  0:00  Probe  
  13  0:12  Probe  
  14  0:17  Pylon  
  14  0:24  Probe  
  15  0:35  Gateway  
  15  0:36  Probe (Chrono Boost)  
  16  0:46  Assimilator, Probe (Chrono Boost)  
  17  0:51  Probe (Chrono Boost)  
  18  1:03  Probe  
  19  1:15  Probe  
  20  1:22  Nexus  
  20  1:32  Cybernetics Core  
  20  1:35  Probe  
  21  1:43  Pylon  
  21  1:50  Assimilator  
  21  1:51  Probe  
  22  2:01  Probe  
  22  2:05  Adept (Chrono Boost)  
  25  2:09  Probe  
  25  2:13  Warp Gate  
  26  2:18  Probe  
  27  2:22  Twilight Council  
  27  2:31  Stalker  
  27  2:32  Probe (Chrono Boost)  
  27  2:34  Probe (Chrono Boost)  
  33  2:45  Probe (Chrono Boost)  
  33  2:46  Probe (Chrono Boost)  
  33  2:50  Probe (Chrono Boost)  
  33  2:53  Blink (Chrono Boost)  
  33  2:54  Probe  
  35  3:01  Probe  
  36  3:06  Probe  
  37  3:13  Probe  
  37  3:18  Probe  
  39  3:20  Gateway  
  39  3:22  Gateway  
  39  3:25  Shield Battery, Probe  
  40  3:30  Probe  
  41  3:34  Pylon  
  41  3:37  Probe  
  42  3:42  Shield Battery, Probe  
  42  3:48  Pylon  
  43  3:49  Probe  
  43  3:54  Probe  
  45  3:56  Robotics Facility  
  45  4:01  Probe  
  45  4:02  Stalker  
  48  4:07  Probe  
  48  4:08  Assimilator  
  49  4:13  Pylon, Probe  
  49  4:16  Stalker x2  
  54  4:22  Pylon  
  54  4:28  Nexus  
  55  4:31  Probe  
  55  4:32  Pylon  
  55  4:41  Stalker x2  
  51  4:49  Probe  
  51  4:52  Observer (Chrono Boost)  
  53  4:53  Probe  
  54  5:02  Gateway, Probe  
  54  5:04  Charge (Chrono Boost), Gateway  
  54  5:05  Observer (Chrono Boost)  
  56  5:09  Probe  
  57  5:14  Sentry  
  57  5:17  Gateway  
  57  5:19  Gateway  
  59  5:24  Probe  
  59  5:27  Shield Battery  
  59  5:28  Probe  
  61  5:36  Robotics Bay, Probe  
  61  5:42  Probe  
  63  5:46  Zealot x3  
  63  5:49  Probe  
  70  5:51  Probe  
  70  5:55  Probe  
  72  5:57  Pylon  
  72  5:58  Observer  
  72  5:59  Stalker  
  72  6:01  Probe  
  72  6:02  Stalker  
  72  6:03  Probe  
  78  6:09  Observer, Immortal (Chrono Boost)  
  78  6:14  Pylon  
  78  6:16  Probe  
  83  6:25  Pylon  
  83  6:27  Pylon  
  83  6:29  Probe  
  83  6:31  Probe x2  
  83  6:32  Sentry  
  88  6:35  Zealot  
  88  6:39  Disruptor (Chrono Boost)  
  93  6:46  Pylon  
  93  6:48  Zealot x4  
  93  6:50  Pylon  
  101  6:55  Observer  
  101  7:01  Disruptor (Chrono Boost)  
  101  7:05  Zealot x3  
  101  7:08  Pylon x2  
  109  7:18  Zealot x4  
  109  7:22  Forge  
  117  7:24  Pylon, Probe  
  117  7:27  Stalker x3  
  122  7:30  Disruptor (Chrono Boost)  
  122  7:34  Probe  
  122  7:35  Probe  
  127  7:41  Probe  
  127  7:43  Forge  
  126  7:44  Assimilator  
  126  7:46  Probe  
  126  7:49  Assimilator  
  127  7:52  Assimilator, Probe  
  127  7:55  Pylon  
  127  7:58  Zealot x3  
  132  8:02  Colossus (Chrono Boost)  
  132  8:03  Stalker x2  
  140  8:17  Protoss Ground Weapons Level 1 (Chrono Boost), Photon Cannon  
  142  8:24  Protoss Ground Armor Level 1 (Chrono Boost)  
  138  8:28  Zealot x5  
  147  8:39  Probe  
  147  8:41  Pylon, Dark Shrine  
  136  8:43  Zealot x2  
  140  8:48  Zealot x2  
  140  8:51  Colossus  
  144  9:06  Probe  
  144  9:07  Probe  
  144  9:11  Nexus  
  144  9:15  Pylon  
  144  9:19  Robotics Facility  
  144  9:22  Gateway  
  144  9:26  Zealot x3  
  144  9:27  Pylon  
  150  9:33  Probe  
  150  9:38  Templar Archives  
  149  9:42  Probe  
  149  9:43  Probe  
  149  9:45  Disruptor (Chrono Boost), Probe  
  152  9:47  Pylon  
  155  9:54  Probe  
  155  9:55  Probe  
  155  9:56  Dark Templar  
  155  9:57  Probe  
  160  10:06  Dark Templar x3, Probe  
  167  10:07  Dark Templar  
  167  10:11  Archon x2  
  167  10:13  Protoss Ground Weapons Level 2 (Chrono Boost)  
  169  10:16  Disruptor (Chrono Boost)  
  169  10:17  Pylon  
  169  10:20  Protoss Ground Armor Level 2 (Chrono Boost)  
  172  10:23  Gateway, Probe  
  172  10:24  Gateway  
  172  10:27  Disruptor (Chrono Boost)  
  170  10:36  Zealot x4  
  173  10:44  Stalker x3  
  173  10:48  Dark Templar  
  179  11:03  Zealot x2  
  179  11:04  Zealot x2  
  176  11:09  Disruptor  
  176  11:11  Zealot x3  
  185  11:18  Disruptor  
  147  11:22  Zealot x2  
  147  11:23  Zealot  
  154  11:26  Zealot x3  
  154  11:27  Zealot  
  154  11:32  Zealot x3  
  164  11:38  Psionic Storm  
  160  11:45  Disruptor  
  157  11:51  Probe  
  157  11:52  Dark Templar  
  157  11:53  Disruptor  
  158  11:55  Stalker x5  
  171  12:07  Dark Templar  
  173  12:13  Nexus  
  173  12:15  Assimilator  
  173  12:16  Pylon, High Templar  
  173  12:19  Assimilator  
  173  12:20  Archon  
  173  12:23  Zealot x3  
  173  12:24  Zealot x2  
  173  12:28  Zealot x2  
  187  12:31  High Templar  
  189  12:42  Zealot  
  191  12:45  Zealot x3  
  191  12:46  Zealot  
  171  13:08  Zealot x2  
  171  13:09  Zealot x6  
Show
View Real Time Build Order
Export as new Build Order

Semper Terran 

Build Orders:  

Get SALT Encoding   

  12  0:00  SCV  
  13  0:12  SCV  
  14  0:17  Supply Depot  
  14  0:24  SCV  
  15  0:38  SCV  
  15  0:40  Barracks  
  16  0:44  Refinery  
  16  0:50  SCV  
  17  1:03  SCV  
  18  1:15  SCV  
  19  1:28  Marine  
  19  1:29  Orbital Command  
  20  1:43  Command Center  
  20  1:47  Barracks Reactor  
  20  1:54  SCV  
  20  1:59  Supply Depot  
  21  2:07  SCV  
  22  2:11  Factory  
  22  2:19  SCV  
  23  2:23  Marine x2  
  23  2:24  Refinery  
  25  2:31  SCV  
  26  2:41  Marine x2  
  26  2:43  SCV  
  29  2:56  Starport  
  29  2:57  Orbital Command  
  29  2:59  SCV  
  34  3:05  Widow Mine  
  34  3:06  Widow Mine  
  34  3:12  SCV  
  35  3:23  SCV  
  35  3:24  SCV  
  37  3:28  Supply Depot, Widow Mine x2  
  37  3:32  Barracks Tech Lab  
  37  3:33  Medivac  
  43  3:38  SCV  
  44  3:41  SCV  
  45  3:48  Bunker  
  45  3:50  SCV  
  46  3:55  SCV  
  46  3:59  Barracks  
  47  4:02  Supply Depot  
  47  4:03  Starport Tech Lab  
  47  4:06  Marine x2, Siege Tank  
  47  4:09  SCV x2  
  54  4:15  Engineering Bay  
  54  4:24  SCV x2  
  54  4:30  Marine  
  54  4:31  Marine  
  58  4:33  Raven  
  58  4:36  SCV  
  61  4:39  SCV  
  62  4:48  SCV  
  62  4:50  Marine x2, Barracks  
  62  4:51  SCV  
  62  4:52  Terran Infantry Weapons Level 1  
  62  4:54  Supply Depot x2  
  62  4:58  Marine  
  62  4:59  Refinery  
  57  5:00  SCV  
  57  5:03  SCV  
  59  5:09  Stimpack  
  59  5:11  Marine x2  
  59  5:12  SCV  
  62  5:15  SCV  
  63  5:23  Supply Depot  
  63  5:24  Refinery, SCV, Marauder  
  63  5:25  Starport Reactor  
  63  5:27  Supply Depot  
  63  5:28  SCV  
  67  5:36  Factory Tech Lab  
  67  5:37  SCV  
  67  5:38  Marine x2  
  67  5:40  SCV  
  71  5:44  Combat Shield, Marauder  
  71  5:47  Marauder  
  71  5:49  SCV  
  76  5:51  Supply Depot  
  76  5:52  Supply Depot, SCV  
  76  5:56  Marine x2  
  79  6:01  Command Center  
  80  6:06  Marauder  
  80  6:09  Marauder  
  84  6:14  Marine x2, Medivac x2  
  84  6:17  Supply Depot  
  89  6:19  Supply Depot  
  89  6:24  Barracks  
  89  6:29  Marine, Marauder  
  89  6:30  Barracks  
  89  6:31  Siege Tank  
  95  6:36  SCV  
  95  6:39  Marine  
  96  6:40  Marine  
  96  6:42  SCV  
  96  6:46  Terran Infantry Armor Level 1  
  99  6:50  Marine, Marauder  
  102  6:57  Marine x2, Medivac  
  102  6:58  Medivac  
  106  7:05  SCV  
  106  7:08  Marine, SCV  
  107  7:11  Marauder  
  107  7:15  Marine  
  109  7:16  Marine  
  109  7:17  SCV  
  109  7:19  Barracks Reactor  
  109  7:21  Siege Tank  
  109  7:22  SCV  
  116  7:26  Barracks Tech Lab, Marauder  
  116  7:29  SCV  
  119  7:32  Marine  
  119  7:33  Marine  
  121  7:37  SCV  
  121  7:45  Marine, Marauder  
  121  7:47  Marauder  
  121  7:49  Viking x2  
  130  7:54  Orbital Command  
  130  7:58  SCV x2  
  132  8:07  Supply Depot  
  132  8:08  Marine, Supply Depot, Marauder  
  132  8:10  SCV, Armory  
  132  8:11  Engineering Bay  
  132  8:12  Marine, Marauder  
  139  8:22  Marauder  
  141  8:29  Marine, Viking x2, Siege Tank  
  141  8:30  SCV  
  150  8:36  SCV  
  150  8:41  Marine, Marauder x2  
  132  8:58  SCV x2  
  132  8:59  Viking  
  132  9:01  Siege Tank, Missile Turret  
  130  9:03  Refinery  
  130  9:04  Refinery, Marine, Marauder, Missile Turret  
  130  9:05  Bunker  
  130  9:09  Marine, Marauder  
  135  9:11  Medivac  
  135  9:14  SCV x3  
  140  9:21  Supply Depot  
  140  9:23  Bunker  
  140  9:25  Supply Depot  
  140  9:26  SCV x2  
  140  9:29  Viking  
  143  9:36  SCV  
  143  9:38  SCV  
  144  9:39  Marine, Marauder  
  144  9:41  Viking  
  144  9:44  Supply Depot  
  149  10:00  Ghost Academy  
  149  10:02  Missile Turret  
  149  10:03  Missile Turret  
  149  10:06  Marine, Sensor Tower, Marauder x2  
  149  10:07  Viking, Marauder  
  156  10:11  Viking  
  160  10:16  Marine  
  161  10:23  Marine x2  
  161  10:24  Marine  
  161  10:26  Terran Infantry Weapons Level 2  
  161  10:28  Marauder x2  
  163  10:40  Concussive Shells  
  163  10:43  Siege Tank  
  163  10:45  Marine, Command Center  
  163  10:46  Marine  
  163  10:48  Marine x2  
  170  10:51  Enhanced Shockwaves  
  166  11:07  Marine  
  166  11:08  Marine x2, Marauder  
  171  11:15  Siege Tank  
  171  11:17  Marine x2  
  171  11:18  Marauder  
  167  11:23  Liberator  
  167  11:25  Marine  
  170  11:26  Marine x2  
  170  11:29  Marine  
  172  11:35  Marine  
  172  11:36  Marauder  
  172  11:39  Marine  
  160  11:43  Marine x2  
  156  11:48  Marauder  
  152  11:55  Siege Tank  
  152  11:56  Ghost  
  152  11:59  Barracks  
  152  12:00  SCV x2  
  152  12:01  Barracks  
  159  12:05  Medivac  
  159  12:06  Medivac  
  163  12:10  Starport  
  163  12:13  SCV x2, Sensor Tower  
  163  12:14  Missile Turret  
  163  12:23  SCV  
  163  12:24  Planetary Fortress  
  163  12:25  SCV  
  163  12:27  Ghost  
  163  12:28  Ghost  
  169  12:35  Medivac  
  169  12:36  Medivac  
  173  12:38  SCV x2  
  175  12:48  Ghost  
  175  12:49  Starport Reactor  
  177  12:51  Missile Turret  
  151  13:02  SCV x2  

Tags
 
Add a new tag
Caveats
  • Supply blocks, unpowered buildings, or Contaminate may cause inaccurate times.
  • Supply counts are checked every 10 seconds.